Workbook

Sheet 支部社協運営及び事業助成金交付要綱（R8）
A2: 支部社協運営および事業助成金交付要綱
A5: （助成金交付の目的）
A6: 第１条 関市社会福祉協議会（以下「市社協」という）の１６支部（以下「支部社協」という）
A7: が、その組織を運営し、また、地域住民の参加・協力のもとで、主体的かつ自主的な地域
A8: 福祉事業を実施することにより、地域福祉の確立および推進が図られることを援助する
A9: 目的で助成金を交付する。
A11: （助成金交付の対象）
A12: 第２条 この助成金は、支部社協の運営および支部社協が行う次に掲げる事業の実施にかかる
A13: 経費を交付の対象とする。
A14: 一 支部社協運営事業
A15: ア 支部社協の運営および調査、企画、連絡調整事業
A16: 支部社協の運営および事業を円滑かつ効果的に実行するための会議や打合せに関する
... A121: １ この要綱は、令和８年４月１日から適用する。

Sheet 基本情報
A2: 支部社協名 | B2: 関市社会福祉協議会 | C2: わかくさ支部
A3: 会計年度 | B3: 令和８年度 | C3: （令和8年4月1日から令和9年3月31日）
A4: 支部長名
A5: 会長名 | B5: 会 長 北 瀨 美 幸
A6: 交付決定額 | C6: 円

Sheet 科目設定
A1: 収入 | B1: 市社協助成金と負担金収入 | E1: 前期繰越金+その他の収入 | G1: ⇒ | H1: その他の支出
A2: 支出 | B2: 助成金要項で認められた支出
A5: 大科目 | B5: 中科目
A6: 前期繰越金
A7: 市社協助成金
A8: 負担金収入
A9: その他の収入
A10: 支部社協運営事業・ア
A11: 支部社協運営事業・イ
A12: 見守り事業
A13: ふれあい事業
A14: 広報・啓発事業
A15: 担い手発掘事業
A16: 生活支援事業
A17: ふれあい・いきいきサロン事業
... A32: 科目設定のシートで、大科目と中科目を選択し、数式→選択範囲から作成→左端にチェック→OK

Sheet 出納帳
B1: =基本情報!B3 -> 令和８年度
A2: 伝票№ | B2: 月日 | C2: 収支 | D2: 大科目 | E2: 中科目 | F2: 摘 要 | G2: 収 入 | H2: 支 出 | I2: 残 高
A3: 1 | I3: =G3-H3 -> 0
A4: 2 | I4: =I3+G4-H4 -> 0
A5: 3 | I5: =I4+G5-H5 -> 0
A6: 4 | I6: =I5+G6-H6 -> 0
A7: 5 | I7: =I6+G7-H7 -> 0
A8: 6 | I8: =I7+G8-H8 -> 0
A9: 7 | I9: =I8+G9-H9 -> 0
A10: 8 | I10: =I9+G10-H10 -> 0
A11: 9 | I11: =I10+G11-H11 -> 0
A12: 10 | I12: =I11+G12-H12 -> 0
A13: 11 | I13: =I12+G13-H13 -> 0
A14: 12 | I14: =I13+G14-H14 -> 0
A15: 13 | I15: =I14+G15-H15 -> 0
... A333: 331 | I333: =I332+G333-H333 -> 0
A334: 合 計 | G334: =SUM(G3:G333) -> 0 | H334: =SUM(H3:H333) -> 0 | I334: =SUM(G334-H334) -> 0

Sheet 仕訳伝票
B1: =基本情報!B3 -> 令和８年度 | D1: 仕 訳 伝 票 | I1: =基本情報!B2 -> 関市社会福祉協議会 | J1: =基本情報!C2 -> わかくさ支部
G3: 決裁 | H3: 支部長 | I3: 事務局長 | J3: 会計
B6: 伝票№ | C6: 1 | D6: =IF(C6="","",VLOOKUP(C6,出納帳!$A:$C,3,FALSE)) -> 0 | E6: 伝票 | F6: 日付 | G6: =IF(C6="","",VLOOKUP(C6,出納帳!A:I,2,FALSE)) -> 0
B7: 大科目 | C7: =IF(C6="","",VLOOKUP(C6,出納帳!$A:$H,4,FALSE)) -> 0 | F7: 中科目 | G7: =IF(C6="","",VLOOKUP(C6,出納帳!$A:$H,5,FALSE)) -> 0
B8: 金額 | D8: =IF(C6="","",IF(D6="収入",VLOOKUP(C6,出納帳!$A:$H,7,FALSE),VLOOKUP(C6,出納帳!$A:$H,8,FALSE))) -> 0
B9: 摘要 | C9: =IF(C6="","",VLOOKUP(C6,出納帳!$A:$H,6,FALSE)) -> 0
B11: レシート等添付欄（又は裏面）

Sheet 交付申請書（様式第1号）
A1: （様式第１号）
E2: 年 月 日
A4: 社会福祉法人関市社会福祉協議会
A5: =基本情報!B5 -> 会 長 北 瀨 美 幸 | B5: 様
D8: 支部名 | E8: =基本情報!C2 -> わかくさ支部
D9: 支部長 | E9: =基本情報!B4 -> 0
A11: =基本情報!B3 -> 令和８年度 | B11: 支部社協運営及び事業助成金交付申請書
A14: このことについて、下記のとおり関係書類を添えて申請いたします。
B16: 金 | C16: =基本情報!B6 -> 0 | D16: 円
A19: 記
A21: 1、支部社協運営及び事業実施計画書（様式第２号）
A22: 2、支部社協運営及び事業実施収支予算書（様式第３号）
A23: 3、役員名簿、部会名簿、福祉委員名簿、規約（※総会資料）

Sheet 事業計画書（様式第2号）
A1: （様式第２号） | H1: =基本情報!B2 -> 関市社会福祉協議会 | I1: =基本情報!C2 -> わかくさ支部
A2: 事 業 実 施 計 画 書
A3: 支部全体の事業の目的
A4: 支部社協 運営事業 事業内容 および予算 | B4: 内容（実施方法・実施回数など） | E4: 予算（積算根拠）
A11: 地域福祉 活動事業 事業名 | B11: 内 容 | E11: 予 算
B12: （活動内容、活動場所、対象者、実施回数、予定人数 など） | E12: （積算根拠）
A13: 見守り事業
A17: ふれあい 事業
A21: 広報・啓発事業
A25: 担い手発掘事業
A29: 生活支援 事業
A35: ふれあい・ いきいき サロン | B35: 内 容 | H35: 予 算 （1人上限200円、 1回上限5,000円）
B36: サロン名 | C36: 会場名 | D36: 実施回数 | E36: 参加人数 | F36: スタッフ数 | G36: 人数合計
E37: /回 | F37: /回 | G37: /回
G45: （小計） | H45: 円
A46: 福祉の まちづくり ネットワーク 会議事業 | B46: 内容（実施方法・実施回数など） | E46: 予算（積算根拠）
A51: 期待される効果

Sheet 収支予算書（様式第3号）
A1: （様式第３号）
B2: =基本情報!B3 -> 令和８年度 | E2: 収 支 予 算 書 | H2: =基本情報!B2 -> 関市社会福祉協議会 | I2: =基本情報!C2 -> わかくさ支部
I3: =基本情報!C3 -> （令和8年4月1日から令和9年3月31日）
A4: 収入の部 | I4: （単位 円）
A5: 事業名 | C5: 前年度項目 | D5: 予算額 | E5: 前年度予算 | F5: 比較増減（△） | G5: 備考
B6: 市社協助成金 | D6: ='収支予算書（総会用）'!C6 -> 0 | E6: ='収支予算書（総会用）'!D6 -> 0 | F6: =D6-E6 -> 0 | G6: ='収支予算書（総会用）'!F6 -> 0
B7: 事業負担金収入 | D7: ='収支予算書（総会用）'!C7 -> 0 | E7: ='収支予算書（総会用）'!D7 -> 0 | F7: =D7-E7 -> 0 | G7: ='収支予算書（総会用）'!F7 -> 子育てサロン参加費、三世代サロン参加費
A9: 合 計 | D9: =SUM(D6:D8) -> 0 | E9: =SUM(E6:E8) -> 0 | F9: =SUM(F6:F8) -> 0
A11: 支出の部
A12: 事業名 | C12: 前年度項目 | D12: 予算額 | E12: 前年度予算 | F12: 比較増減（△） | G12: 備考
B13: 支部社協運営事業費・ア | D13: ='収支予算書（総会用）'!C13 -> 0 | E13: ='収支予算書（総会用）'!D13 -> 0 | F13: =D13-E13 -> 0 | G13: ='収支予算書（総会用）'!F13 -> 通信費、消耗品、会議費
B14: 支部社協運営事業費・イ | D14: ='収支予算書（総会用）'!C14 -> 0 | E14: ='収支予算書（総会用）'!D14 -> 0 | F14: =D14-E14 -> 0 | G14: ='収支予算書（総会用）'!F14 -> 事務局運営費、備品
B15: 見守り事業 | D15: ='収支予算書（総会用）'!C15 -> 0 | E15: ='収支予算書（総会用）'!D15 -> 0 | F15: =D15-E15 -> 0 | G15: ='収支予算書（総会用）'!F15 -> 配食サービス、友愛訪問、見守りネットワーク会議
B16: ふれあい事業 | D16: ='収支予算書（総会用）'!C16 -> 0 | E16: ='収支予算書（総会用）'!D16 -> 0 | F16: =D16-E16 -> 0 | G16: ='収支予算書（総会用）'!F16 -> サロン補助
B17: 広報・啓発事業 | D17: ='収支予算書（総会用）'!C17 -> 0 | E17: ='収支予算書（総会用）'!D17 -> 0 | F17: =D17-E17 -> 0 | G17: ='収支予算書（総会用）'!F17 -> 支部社協だより
B18: 担い手発掘事業 | D18: ='収支予算書（総会用）'!C18 -> 0 | E18: ='収支予算書（総会用）'!D18 -> 0 | F18: =D18-E18 -> 0 | G18: ='収支予算書（総会用）'!F18 -> 地域活動者の養成講座
B19: 生活支援事業 | D19: ='収支予算書（総会用）'!C19 -> 0 | E19: ='収支予算書（総会用）'!D19 -> 0 | F19: =D19-E19 -> 0 | G19: ='収支予算書（総会用）'!F19 -> 生活支援ネットワーク会議、保険料
B20: ふれあい・いきいきサロン事業 | D20: ='収支予算書（総会用）'!C20 -> 0 | E20: ='収支予算書（総会用）'!D20 -> 0 | F20: =D20-E20 -> 0 | G20: ='収支予算書（総会用）'!F20 -> ふれあいいきいきサロン
B21: 福祉のまちづくりネットワーク会議事業 | D21: ='収支予算書（総会用）'!C21 -> 0 | E21: ='収支予算書（総会用）'!D21 -> 0 | F21: =D21-E21 -> 0 | G21: ='収支予算書（総会用）'!F21 -> 福祉のまちづくりネットワーク会議
A23: 合 計 | D23: =SUM(D13:D22) -> 0 | E23: =SUM(E13:E22) -> 0 | F23: =SUM(F13:F22) -> 0
B24: ※ 各項目間の予算を流用することができる。

Sheet 請求書（様式第5号）
A1: （様式第５号）
G2: 年 月 日
A4: 社会福祉法人関市社会福祉協議会
A5: =基本情報!B5 -> 会 長 北 瀨 美 幸 | C5: 様
E8: 支部名 | F8: =基本情報!C2 -> わかくさ支部
E9: 支部長 | F9: =基本情報!B4 -> 0
A11: 請 求 書
B14: =基本情報!B3 -> 令和８年度 | C14: 支部社協運営および事業助成金を交付されたく請求します。
A17: 記
B20: 金 | C20: =基本情報!B6 -> 0 | F20: 円也
B23: 振込先
B24: 金融機関
B25: 支店名
B26: 貯金種目 | C26: 普通 ・ 当座 ・ その他
B27: 口座番号
B28: 口座名義

Sheet 実績報告書（様式第7号）
A1: （様式第７号）
E2: 年 月 日
A4: 社会福祉法人関市社会福祉協議会
A5: =基本情報!B5 -> 会 長 北 瀨 美 幸 | B5: 様
D8: 支部名 | E8: =基本情報!C2 -> わかくさ支部
D9: 支部長 | E9: =基本情報!B4 -> 0
B11: =基本情報!B3 -> 令和８年度 | C11: 支部社協助成事業実績報告書
A14: =基本情報!B3 -> 令和８年度 | B14: において交付決定を受けた標記に係る事業について、事業報告書
A15: （様式第７号－②）、収支決算書（様式第７号－③）および関係書類を添えて報告
A16: します。

Sheet 事業報告書（様式第7号－②）
A1: （様式第７号－②） | H1: =基本情報!B2 -> 関市社会福祉協議会 | I1: =基本情報!C2 -> わかくさ支部
A2: 事 業 報 告 書
A3: 支部全体の事業の成果
A4: 支部社協 運営事業 の成果 | B4: 内容（実施方法・実施回数など） | E4: 決算（根拠）
A11: 地域福祉 活動事業 事業名 | B11: 内 容 | E11: 決 算
B12: （活動内容、活動場所、対象者、実施回数、予定人数 など） | E12: （根拠）
A13: 見守り事業
A17: ふれあい 事業
A21: 広報・啓発事業
A25: 担い手発掘事業
A29: 生活支援 事業
A35: ふれあい・ いきいき サロン事業 | B35: 実施内容は「ふれあい・いきいきサロン事業 実施報告書（様式第8号）」のとおり | G35: 決 算
A37: 福祉のまちづくりネットワーク会議事業 | B37: 内 容 | E37: 決 算
B38: （実施方法・実施回数など） | E38: （根拠）
A43: 課題及び 改善点
A44: ※領収書（コピー可）を添付する事。

Sheet 収支決算書（様式第7号－③）
A1: （様式第７号－③）
A2: 収 支 決 算 書
A3: =基本情報!B3 -> 令和８年度 | F3: =基本情報!B2 -> 関市社会福祉協議会 | G3: =基本情報!C2 -> わかくさ支部
G4: =基本情報!C3 -> （令和8年4月1日から令和9年3月31日）
A5: 収入の部 | G5: 単位 ：円
B6: 決算額 | C6: 予算額 | D6: 比較増減（△） | E6: 備考
A7: 市社協助成金 | B7: ='決算報告書（総会用）'!C6 -> 0 | C7: ='収支予算書（総会用）'!C6 -> 0 | D7: =C7-B7 -> 0 | E7: ='決算報告書（総会用）'!F6 -> 0
A8: 負担金収入 | B8: ='決算報告書（総会用）'!C7 -> 0 | C8: ='収支予算書（総会用）'!C7 -> 0 | D8: =C8-B8 -> 0 | E8: ='決算報告書（総会用）'!F7 -> 0
B10: =SUM(B7:B9) -> 0 | C10: =SUM(C7:C9) -> 0 | D10: =SUM(D7:D9) -> 0
A12: 支出の部
B13: 決算額 | C13: 予算額 | D13: 比較増減（△） | E13: 備考
A14: 支部社協運営事業費・ア | B14: ='決算報告書（総会用）'!C13 -> 0 | C14: ='収支予算書（総会用）'!C13 -> 0 | D14: =C14-B14 -> 0 | E14: ='決算報告書（総会用）'!F13 -> 0
A15: 支部社協運営事業費・イ | B15: ='決算報告書（総会用）'!C14 -> 0 | C15: ='収支予算書（総会用）'!C14 -> 0 | D15: =C15-B15 -> 0 | E15: ='決算報告書（総会用）'!F14 -> 0
A16: 見守り事業 | B16: ='決算報告書（総会用）'!C15 -> 0 | C16: ='収支予算書（総会用）'!C15 -> 0 | D16: =C16-B16 -> 0 | E16: ='決算報告書（総会用）'!F15 -> 0
A17: ふれあい事業 | B17: ='決算報告書（総会用）'!C16 -> 0 | C17: ='収支予算書（総会用）'!C16 -> 0 | D17: =C17-B17 -> 0 | E17: ='決算報告書（総会用）'!F16 -> 0
A18: 広報・啓発事業 | B18: ='決算報告書（総会用）'!C17 -> 0 | C18: ='収支予算書（総会用）'!C17 -> 0 | D18: =C18-B18 -> 0 | E18: ='決算報告書（総会用）'!F17 -> 0
A19: 担い手発掘事業 | B19: ='決算報告書（総会用）'!C18 -> 0 | C19: ='収支予算書（総会用）'!C18 -> 0 | D19: =C19-B19 -> 0 | E19: ='決算報告書（総会用）'!F18 -> 0
A20: 生活支援事業 | B20: ='決算報告書（総会用）'!C19 -> 0 | C20: ='収支予算書（総会用）'!C19 -> 0 | D20: =C20-B20 -> 0 | E20: ='決算報告書（総会用）'!F19 -> 0
A21: ふれあい・いきいきサロン事業 | B21: ='決算報告書（総会用）'!C20 -> 0 | C21: ='収支予算書（総会用）'!C20 -> 0 | D21: =C21-B21 -> 0 | E21: ='決算報告書（総会用）'!F20 -> 0
A22: 福祉のまちづくりネットワーク会議事業 | B22: ='決算報告書（総会用）'!C21 -> 0 | C22: ='収支予算書（総会用）'!C21 -> 0 | D22: =C22-B22 -> 0 | E22: ='決算報告書（総会用）'!F22 -> 0
B24: =SUM(B14:B23) -> 0 | C24: =SUM(C14:C23) -> 0 | D24: =SUM(D14:D23) -> 0
A25: ※ 各項目間の予算を流用することができる。
A27: 収入合計 | B27: =B10 -> 0 | C27: - 支出合計 | D27: =B24 -> 0 | E27: — 10,000円（繰越可能上限額）
D28: ＝ 今年度返還金 | E28: =IF(B27-D27-10000<=0,0,B27-D27-10000) -> 0
D30: 会 計 | E30: ='決算報告書（総会用）'!E29 -> 0 | G30: ㊞

Sheet 返還報告書（様式第10号）
A1: （様式第１０号）
E2: 年 月 日
A4: 社会福祉法人関市社会福祉協議会
A5: =基本情報!B5 -> 会 長 北 瀨 美 幸 | C5: 様
D8: 支部名 | E8: =基本情報!C2 -> わかくさ支部
D9: 支部長 | E9: =基本情報!B4 -> 0
A11: 支部社協助成金 返還報告書
A14: =基本情報!B3 -> 令和８年度 | B14: に実施した事業において下記の理由により助成金の一部を返還いたします。
A16: 返還金額 | C16: ='収支決算書（様式第7号－③）'!E28 -> 0 | E16: 円
A17: 返還予定日 | C17: 令和 年 月 日
A18: 返還理由

Sheet 収支予算書（総会用）
A1: =基本情報!B3 -> 令和８年度 | C1: 収 支 予 算 書 | G1: =基本情報!B2 -> 関市社会福祉協議会 | H1: =基本情報!C2 -> わかくさ支部
H2: =基本情報!C3 -> （令和8年4月1日から令和9年3月31日）
A3: 収入の部 | H3: （単位 円）
B4: 前年度項目 | C4: 今年度予算 | D4: 前年度予算 | E4: 増減 | F4: 摘 要
A5: 前期繰越金 | C5: 0 | D5: 0 | E5: =C5-D5 -> 0
A6: 市社協助成金 | C6: 0 | D6: 0 | E6: =C6-D6 -> 0
A7: 事業負担金収入 | C7: 0 | D7: 0 | E7: =C7-D7 -> 0 | F7: 子育てサロン参加費、三世代サロン参加費
A8: その他の収入 | C8: 0 | D8: 0 | E8: =C8-D8 -> 0 | F8: 歳末ふれあい事業・預金利息・祝儀等
C9: =SUM(C5:C8) -> 0 | D9: =SUM(D5:D8) -> 0 | E9: =SUM(E5:E8) -> 0
A11: 支出の部
B12: 前年度項目 | C12: 今年度予算 | D12: 前年度予算 | E12: 増減 | F12: 摘 要
A13: 支部社協運営事業費・ア | C13: 0 | D13: 0 | E13: =C13-D13 -> 0 | F13: 通信費、消耗品、会議費
A14: 支部社協運営事業費・イ | C14: 0 | D14: 0 | E14: =C14-D14 -> 0 | F14: 事務局運営費、備品
A15: 見守り事業 | C15: 0 | D15: 0 | E15: =C15-D15 -> 0 | F15: 配食サービス、友愛訪問、見守りネットワーク会議
A16: ふれあい事業 | C16: 0 | D16: 0 | E16: =C16-D16 -> 0 | F16: サロン補助
A17: 広報・啓発事業 | C17: 0 | D17: 0 | E17: =C17-D17 -> 0 | F17: 支部社協だより
A18: 担い手発掘事業 | C18: 0 | D18: 0 | E18: =C18-D18 -> 0 | F18: 地域活動者の養成講座
A19: 生活支援事業 | C19: 0 | D19: 0 | E19: =C19-D19 -> 0 | F19: 生活支援ネットワーク会議、保険料
A20: ふれあい・いきいきサロン事業 | C20: 0 | D20: 0 | E20: =C20-D20 -> 0 | F20: ふれあいいきいきサロン
A21: 福祉のまちづくりネットワーク会議事業 | C21: 0 | D21: 0 | E21: =C21-D21 -> 0 | F21: 福祉のまちづくりネットワーク会議
A22: その他の支出 | C22: 0 | D22: 0 | E22: =C22-D22 -> 0 | F22: 研修会等
C24: =SUM(C13:C23) -> 0 | D24: =SUM(D13:D23) -> 0 | E24: =SUM(E13:E23) -> 0
A25: ※ 各項目間の予算を流用することができる。

Sheet 決算報告書（総会用）
A1: =基本情報!B3 -> 令和８年度 | B1: 決 算 報 告 書 | F1: =基本情報!B2 -> 関市社会福祉協議会 | G1: =基本情報!C2 -> わかくさ支部
G2: =基本情報!C3 -> （令和8年4月1日から令和9年3月31日）
A3: 収入の部 | G3: （単位 円）
B4: 予算額 | C4: 決算額 | D4: 予算-決算
A5: 前期繰越金 | B5: ='収支予算書（総会用）'!C5 -> 0 | C5: =SUMIF(出納帳!$D:$D,"前期繰越金",出納帳!G:G)-SUMIF(出納帳!$D:$D,"前期繰越金",出納帳!H:H) -> 0 | D5: =C5-B5 -> 0
A6: 市社協助成金 | B6: ='収支予算書（総会用）'!C6 -> 0 | C6: =SUMIF(出納帳!$D:$D,"市社協助成金",出納帳!G:G)-SUMIF(出納帳!$D:$D,"市社協助成金",出納帳!H:H) -> 0 | D6: =C6-B6 -> 0
A7: 負担金収入 | B7: ='収支予算書（総会用）'!C7 -> 0 | C7: =SUMIF(出納帳!$D:$D,"負担金収入",出納帳!G:G)-SUMIF(出納帳!$D:$D,"負担金収入",出納帳!H:H) -> 0 | D7: =C7-B7 -> 0 | E7: ='収支予算書（総会用）'!F7 -> 子育てサロン参加費、三世代サロン参加費
A8: その他の収入 | B8: ='収支予算書（総会用）'!C8 -> 0 | C8: =SUMIF(出納帳!$D:$D,"その他の収入",出納帳!G:G)-SUMIF(出納帳!$D:$D,"その他の収入",出納帳!H:H) -> 0 | D8: =C8-B8 -> 0 | E8: ='収支予算書（総会用）'!F8 -> 歳末ふれあい事業・預金利息・祝儀等
B9: =SUM(B5:B8) -> 0 | C9: =SUM(C5:C8) -> 0 | D9: =SUM(D5:D8) -> 0
A11: 支出の部
B12: 予算額 | C12: 決算額 | D12: 予算-決算
A13: 支部社協運営事業費・ア | B13: ='収支予算書（総会用）'!C13 -> 0 | C13: =SUMIF(出納帳!$D:$D,"支部社協運営事業・ア",出納帳!H:H)-SUMIF(出納帳!$D:$D,"支部社協運営事業・ア",出納帳!G:G) -> 0 | D13: =B13-C13 -> 0 | E13: ='収支予算書（総会用）'!F13 -> 通信費、消耗品、会議費
A14: 支部社協運営事業費・イ | B14: ='収支予算書（総会用）'!C14 -> 0 | C14: =SUMIF(出納帳!$D:$D,"支部社協運営事業・イ",出納帳!H:H)-SUMIF(出納帳!$D:$D,"支部社協運営事業・イ",出納帳!G:G) -> 0 | D14: =B14-C14 -> 0 | E14: ='収支予算書（総会用）'!F14 -> 事務局運営費、備品
A15: 見守り事業 | B15: ='収支予算書（総会用）'!C15 -> 0 | C15: =SUMIF(出納帳!$D:$D,"見守り事業",出納帳!H:H)-SUMIF(出納帳!$D:$D,"見守り事業",出納帳!G:G) -> 0 | D15: =B15-C15 -> 0 | E15: ='収支予算書（総会用）'!F15 -> 配食サービス、友愛訪問、見守りネットワーク会議
A16: ふれあい事業 | B16: ='収支予算書（総会用）'!C16 -> 0 | C16: =SUMIF(出納帳!$D:$D,"ふれあい事業",出納帳!H:H)-SUMIF(出納帳!$D:$D,"ふれあい事業",出納帳!G:G) -> 0 | D16: =B16-C16 -> 0 | E16: ='収支予算書（総会用）'!F16 -> サロン補助
A17: 広報・啓発事業 | B17: ='収支予算書（総会用）'!C17 -> 0 | C17: =SUMIF(出納帳!$D:$D,"広報・啓発事業",出納帳!H:H)-SUMIF(出納帳!$D:$D,"広報・啓発事業",出納帳!G:G) -> 0 | D17: =B17-C17 -> 0 | E17: ='収支予算書（総会用）'!F17 -> 支部社協だより
A18: 担い手発掘事業 | B18: ='収支予算書（総会用）'!C18 -> 0 | C18: =SUMIF(出納帳!$D:$D,"担い手発掘事業",出納帳!H:H)-SUMIF(出納帳!$D:$D,"担い手発掘事業",出納帳!G:G) -> 0 | D18: =B18-C18 -> 0 | E18: ='収支予算書（総会用）'!F18 -> 地域活動者の養成講座
A19: 生活支援事業 | B19: ='収支予算書（総会用）'!C19 -> 0 | C19: =SUMIF(出納帳!$D:$D,"生活支援事業",出納帳!H:H)-SUMIF(出納帳!$D:$D,"生活支援事業",出納帳!G:G) -> 0 | D19: =B19-C19 -> 0 | E19: ='収支予算書（総会用）'!F19 -> 生活支援ネットワーク会議、保険料
A20: ふれあい・いきいきサロン事業 | B20: ='収支予算書（総会用）'!C20 -> 0 | C20: =SUMIF(出納帳!$D:$D,"ふれあい・いきいきサロン事業",出納帳!H:H)-SUMIF(出納帳!$D:$D,"ふれあい・いきいきサロン事業",出納帳!G:G) -> 0 | D20: =B20-C20 -> 0 | E20: ='収支予算書（総会用）'!F20 -> ふれあいいきいきサロン
A21: 福祉のまちづくりネットワーク会議事業 | B21: ='収支予算書（総会用）'!C21 -> 0 | C21: =SUMIF(出納帳!$D:$D,"福祉のまちづくりネットワーク会議事業",出納帳!H:H)-SUMIF(出納帳!$D:$D,"福祉のまちづくりネットワーク会議事業",出納帳!G:G) -> 0 | D21: =B21-C21 -> 0 | E21: ='収支予算書（総会用）'!F21 -> 福祉のまちづくりネットワーク会議
A22: その他の支出 | B22: ='収支予算書（総会用）'!C22 -> 0 | C22: =SUMIF(出納帳!$D:$D,"その他の支出",出納帳!H:H)-SUMIF(出納帳!$D:$D,"その他の支出",出納帳!G:G) -> 0 | D22: =B22-C22 -> 0 | E22: ='収支予算書（総会用）'!F22 -> 研修会等
A23: 返還金 | B23: 0 | C23: =SUMIF(出納帳!$D:$D,"返還金",出納帳!H:H)-SUMIF(出納帳!$D:$D,"返還金",出納帳!G:G) -> 0 | D23: =B23-C23 -> 0 | E23: 市社協助成金返還
B25: =SUM(B13:B24) -> 0 | C25: =SUM(C13:C24) -> 0 | D25: =SUM(D13:D24) -> 0
A27: 収入合計 | B27: =C9 -> 0 | C27: - 支出合計 | D27: =C25 -> 0 | E27: ＝ 次年度繰越金
E28: =B27-D27 -> 0
D29: 会 計 | G29: ㊞
A31: 令和８年度の決算について監査した結果、適正に処理されていたことを認めます
C32: 令和９年 月 日 | D32: 会計監査 | G32: ㊞
D33: 会計監査 | G33: ㊞

Sheet 現金出納
B2: 現金出納簿
B4: 月日 | C4: 項 目 | D4: 収 入 | E4: 支 出 | F4: 残 高
B5: 45748 | C5: 手元金 | D5: 0 | F5: =D5-E5 -> 0
F6: =F5-E6+D6 -> 0
F7: =F6-E7+D7 -> 0
F8: =F7-E8+D8 -> 0
F9: =F8-E9+D9 -> 0
F10: =F9-E10+D10 -> 0
F11: =F10-E11+D11 -> 0
F12: =F11-E12+D12 -> 0
F13: =F12-E13+D13 -> 0
F14: =F13-E14+D14 -> 0
F15: =F14-E15+D15 -> 0
F16: =F15-E16+D16 -> 0
F17: =F16-E17+D17 -> 0
... F192: =F191-E192+D192 -> 0
